Unix NetHack Version 5.0.0-0 post-release - last build May 23 2026 06:08:33 (1c0ff79ee797540d5714e4e18072db0edd9e58ae,branch:main).

Game began 2026-05-26 22:20:28, ended 2026-05-26 22:35:53.

CyberFan, chaotic female human Priestess

                                           --------
       -----                               .......|          ---------
      #.<..|                              #|......|          |.......|
      #|....#                          ####-......|          |.......|
      #|..B|#                          ##  |......|          |...v...|
      #-----#                          ## #-.......#         |.......|
      ###   #                          ## #|.....{|#         |...)...|
        #   #                      ###### #.-------#         |.......|
        #   #                      ###### ####     #         -------|-
        #   #-----                 #      #  #     #              ###
        #   #|...-##               #     #   #     #              #
  ------#   #....| #    ##)#########    #    #     ####)#         #
  |....|#    |_...##########*#### #    #-----#          #         #
  |....|#    ---.-##   ---------.-#   0 |...|#          #        ##
  |....|#       #####  |..........## #  |....#          #    #####
  |(...-#           ###..........|######@f..|           #  --|------
  |(((.|               |.........|##    |...|           ###.......>|
  |((.(|               |.........-      -----              |.....x.|
  ------               -----------                         ---------

CyberFan the Acolyte         St:12 Dx:15 Co:14 In:10 Wi:18 Ch:8  Chaotic
Dlvl:6  $:95 HP:47(47) Pw:70(70) AC:6  Xp:5/223 T:2757  Hungry  

Latest messages:
 The water nymph vanishes!
 The mountain nymph disarms your blessed +1 mace (weapon in left hand).
 She stole a blessed +1 mace.
 The mountain nymph vanishes!
 You begin bashing monsters with your gloved hands.
 You miss the water nymph.
 The water nymph stole an uncursed black potion.
 The water nymph vanishes!
 You swap places with your kitten.
 What do you want to zap? [q or ?*]
 In what direction?
 You hit the dwarf.
 You hit the dwarf.
 The dwarf thrusts his dagger.
 The dwarf hits!
 The kitten bites the dwarf.
 Are you waiting to get hit?  Use 'm' prefix to force a no-op (to rest).
 Are you waiting to get hit?
 Are you waiting to get hit?
 You hit the dwarf.
 The kitten bites the dwarf.
 You hit the dwarf.
 The kitten misses the dwarf.
 The kitten bites the dwarf.
 The dwarf is killed!
 Your kitten grows up into a housecat.
 J - an uncursed pair of hard shoes.
 K - an uncursed hooded cloak.
 What do you want to wear? [JK or ?*]
 You finish your dressing maneuver.
 What do you want to wear? [K or ?*]
 You are now wearing a hooded cloak.
 You are beginning to feel hungry.
 The water nymph pretends to be friendly.
 The water nymph charms you.  You gladly start removing your gloves.
 You can move again.
 The water nymph steals an uncursed +0 pair of leather gloves!
 The water nymph vanishes!
 The housecat bites the mountain nymph.
 The mountain nymph smiles at the housecat seductively.
 The mountain nymph steals an uncursed dagger from the housecat!
 The mountain nymph suddenly disappears!
 With great effort you move the boulder.
 What do you want to zap? [q or ?*]
 In what direction?
 The water nymph stole an uncursed magic marker (0:20).
 The water nymph vanishes!
 What do you want to ready? [$ or ?*]
 Never mind.
 #

Inventory:
 Coins    ('$')
  $ - 95 gold pieces
 Armor    ('[')
  o - a blessed +1 orcish helm (being worn)
  J - an uncursed +0 pair of iron shoes (being worn)
  K - an uncursed +0 dwarvish cloak (being worn)
 Comestibles  ('%')
  e - an uncursed clove of garlic
  x - an uncursed fortune cookie
 Scrolls  ('?')
  F - an uncursed scroll of amnesia
  l - an uncursed scroll of remove curse
  y - a blessed scroll of scare monster
 Potions  ('!')
  v - an uncursed potion of enlightenment
  d - 4 potions of holy water
 Wands    ('/')
  q - an uncursed wand of opening (0:2)
 Tools    ('(')
  B - an uncursed skeleton key
 Gems/Stones  ('*')
  m - an uncursed garnet stone

CyberFan the Priestess's attributes:

Background:
 You were an Acolyte, a level 5 human Priestess.
 You were chaotic, on a mission for Anhur
 who was opposed by Ptah (lawful) and Thoth (neutral).
 You were left-handed.
 You were in the Dungeons of Doom, on level 6.
 You entered the dungeon 2757 turns ago.
 It was nighttime.
 You had 223 experience points, 97 more were needed to attain level 6.

Basics:
 You had all 47 hit points.
 You had all 70 energy points (spell power).
 Your armor class was 6.
 Your wallet contained 95 zorkmids.
 Autopickup was on for '$%?!"=/*', with exceptions.

Final Characteristics:
 Your strength was 12 (limit:18/100).
 Your dexterity was 15 (limit:18).
 Your constitution was 14 (limit:18).
 Your intelligence was 10 (limit:18).
 Your wisdom was 18 (limit:18).
 Your charisma was 8 (limit:18).

Final Status:
 You were hungry.
 You were unencumbered.
 You were bare handed.
 You were unskilled in bare handed combat.

Final Attributes:
 You were piously aligned.
 Your items were somewhat protected from fire.
 Your items were somewhat protected from cold.
 You were warded.
 You survived.

Miscellaneous:
 You disabled loading of bones levels.
 Total elapsed playing time was 15 minutes and 24 seconds.

Major events:
 Turn
    1: CyberFan the chaotic human Priestess entered the dungeon
  286: entered the Gnomish Mines
  487: attained the rank of Acolyte (level 3)
 2757: quit

Spells:
 Name                 Level Category     Fail Retention
 healing                1   healing        4%  76%-100%
 stone to flesh         3   healing      100%  76%-100%

Skills:
 Fighting Skills
   bare handed combat [Unskilled]
 Weapon Skills
   club               [Unskilled]
   mace               [Skilled]
   morning star       [Unskilled]
   flail              [Unskilled]
   hammer             [Unskilled]
   quarterstaff       [Unskilled]
   polearms           [Unskilled]
   spear              [Unskilled]
   trident            [Unskilled]
   lance              [Unskilled]
   bow                [Unskilled]
   sling              [Unskilled]
   crossbow           [Unskilled]
   dart               [Unskilled]
   shuriken           [Unskilled]
   boomerang          [Unskilled]
   unicorn horn       [Unskilled]
 Spellcasting Skills
   healing spells     [Unskilled]
   divination spells  [Unskilled]
   clerical spells    [Basic]

Voluntary challenges:
 Character rerolling was not enabled.
 You never genocided any monsters.
 You never polymorphed an object.
 You never changed form.
 You used no wishes.
Achievements:
 You entered the Gnomish Mines.
 You attained the rank of Acolyte.
 You entered a shop.

 The Dungeons of Doom: levels 1 to 7
    Level 1:
    Level 2:
       Many fountains.
       Stairs down to The Gnomish Mines.
    Level 3:
       A fountain.
    Level 4:
       Some shops.
    Level 5:
       A general store, a fountain.
    Level 6: <- You were here.
       An altar to Anhur, a fountain.
    Level 7:
       A fountain.
 The Gnomish Mines:
    Level 3:


Vanquished creatures:
  a small mimic
  a rock mole
  a pony
  a yellow light
  a violet fungus
  a kobold mummy
  2 giant ants
  a floating eye
  a kitten
  a dwarf
  a hill orc
  a giant bat
  a dwarf zombie
  a gas spore
  a hobbit
  a large kobold
  a hobgoblin
  a giant rat
  5 cave spiders
  a green mold
  2 gnomes
  2 geckos
  4 jackals
  a fox
  a kobold
  3 goblins
  4 grid bugs
  a bat
  3 lichens
  a kobold zombie
  6 newts
53 creatures vanquished.

No species were genocided or became extinct.

Goodbye CyberFan the Priestess...

You quit in The Dungeons of Doom on dungeon level 6 with 1287 points,
and 95 pieces of gold, after 2757 moves.
You were level 5 with a maximum of 47 hit points when you quit.

